 Dungeon Crawl Stone Soup version 0.32-a0-918-g0f22ef8d61 (webtiles) character file.

Game seed: 4449983863409653922

6017 lucidstorm14 the Cleaver (level 10, -11/132 HPs)
             Began as a Minotaur Berserker on Apr 11, 2024.
             Was an Elder of Trog.
             Mangled by a 14-headed hydra (12 damage)
             ... on level 9 of the Dungeon.
             The game lasted 00:24:08 (10808 turns).

lucidstorm14 the Cleaver (Minotaur Berserker)      Turns: 10808, Time: 00:24:09

Health: -11/132    AC: 18    Str: 24    XL:     10   Next: 56%
Magic:  0/9        EV:  8    Int:  4    God:    Trog [****..]
Gold:   528        SH:  0    Dex: 12    Spells: 9/9 levels left

rFire   + . .        Q - +2 battleaxe
rCold   . . .        (shield currently unavailable)
rNeg    . . .        K - +0 plate armour
rPois   .            (helmet restricted)
rElec   .            t - +2 cloak
rCorr   .            F - +0 pair of gloves
SInv    .            (no boots)
Will    .....        f - amulet of guardian spirit Stlth
                     D - ring of flight
HPRegen 0.42/turn    n - ring of protection from fire
MPRegen 0.11/turn

%: guardian spirit
@: berserking (expiring), flying, very quick
A: horns 2, retaliatory headbutt
a: Renounce Religion, Berserk, Trog's Hand, Brothers in Arms


You were on level 9 of the Dungeon.
You worshipped Trog.
Trog was greatly pleased with you.
You visited 1 branch of the dungeon, and saw 9 of its levels.
You also visited: Bailey.

You collected 528 gold pieces.

Inventory:

Hand Weapons
 y - a +0 hand axe of freezing
 Q - a +2 battleaxe (weapon)
Missiles
 d - 20 poisoned darts
 r - 12 boomerangs (quivered)
Armour
 t - a +2 cloak (worn)
 F - a +0 pair of gloves (worn)
 K - a +0 plate armour (worn)
Jewellery
 f - an amulet of guardian spirit (around neck)
 n - a ring of protection from fire (right hand)
 D - a ring of flight (left hand)
Wands
 b - a wand of light (9)
 k - a wand of mindburst (11)
 I - a wand of polymorph (6)
 L - a wand of flame (22)
 N - a wand of roots (3)
Scrolls
 c - 2 scrolls of fear {unknown}
 e - a scroll of noise {unknown}
 g - 10 scrolls of identify {unknown}
 h - 2 scrolls of enchant weapon {unknown}
 i - a scroll of poison {unknown}
 l - 2 scrolls of revelation {unknown}
 p - 6 scrolls of teleportation {unknown}
 q - 2 scrolls of fog {unknown}
 s - 3 scrolls of vulnerability {unknown}
 w - 2 scrolls of amnesia {unknown}
 A - a scroll of enchant armour {unknown}
 E - a scroll of acquirement {unknown}
 H - a scroll of blinking {unknown}
 J - a scroll of silence {unknown}
 P - a scroll of torment {unknown}
Potions
 j - a potion of lignification {unknown}
 m - 4 potions of haste {unknown}
 o - 4 potions of brilliance {unknown}
 u - 2 potions of invisibility {unknown}
 v - 2 potions of mutation {unknown}
 x - 3 potions of degeneration {unknown}
 z - a potion of cancellation {unknown}
 B - a potion of attraction {unknown}
 C - 2 potions of berserk rage {unknown}
 G - 3 potions of curing {unknown}
 M - a potion of resistance {unknown}
 O - 3 potions of heal wounds {unknown}


   Skills:
 + Level 8.0 Fighting
 * Level 10.6 Axes
 + Level 3.8 Throwing
 + Level 7.6 Armour
 + Level 6.6 Dodging
 + Level 6.7 Shields
 + Level 5.0 Evocations


You had 9 spell levels left.
You didn't know any spells.
Your spell library contained the following spells:

 Spells                   Type           Power      Damage    Failure   Level
 Momentum Strike          Conj/Tloc      0%         3d8       100%        2
 Passwall                 Erth           0%         N/A       100%        3


Dungeon Overview and Level Annotations

Branches:
Dungeon (9/15)             Temple (0/1) D:6            Lair (0/5) D:8
    Orc (0/2) D:9          Bailey (visited)

Altars:
Ashenzari
Dithmenos
Elyvilon
Gozag
Makhleb
Qazlal
Wu Jian
Xom
The Shining One

Shops:
D:8 =

Annotations:
D:7 2 transporters, exclusion: 2 ice statues, DeathSocks's ghost, novice DEIE
D:9 Biggs's ghost, novice TrFi


Innate Abilities, Weirdness & Mutations

You have a pair of horns on your head.
You reflexively headbutt those who attack you in melee.


Message History

You slice one of the 11-headed hydra's heads off!
The ten-headed hydra grows two more!
You slash the 12-headed hydra! You headbutt the 12-headed hydra!
The 12-headed hydra is moderately wounded.
You hit Biggs's ghost. The 12-headed hydra bites you!
The 12-headed hydra misses you.
The 12-headed hydra bites you but does no damage.
The 12-headed hydra closely misses you.
The 12-headed hydra completely misses you.
The 12-headed hydra bites you but does no damage.
The 12-headed hydra closely misses you.
The 12-headed hydra bites you but does no damage.
The 12-headed hydra closely misses you.
The 12-headed hydra bites you but does no damage. x2
The 12-headed hydra bites you. Biggs's ghost barely misses you.
Unknown command.
You hack one of the 12-headed hydra's heads off!
The 11-headed hydra grows two more!
You slice the 13-headed hydra!!
The 13-headed hydra is severely wounded.
You slash Biggs's ghost! The 13-headed hydra bites you.
The 13-headed hydra bites you! The 13-headed hydra bites you.
The 13-headed hydra bites you!
The 13-headed hydra bites you but does no damage.
The 13-headed hydra bites you!
* * * LOW HITPOINT WARNING * * *
The 13-headed hydra bites you but does no damage. x2
The 13-headed hydra misses you. The 13-headed hydra bites you!
* * * LOW HITPOINT WARNING * * *
The 13-headed hydra bites you!
* * * LOW HITPOINT WARNING * * *
The 13-headed hydra bites you.
* * * LOW HITPOINT WARNING * * *
The 13-headed hydra bites you but does no damage.
You slice one of the 13-headed hydra's heads off!
The 12-headed hydra grows two more!
You slice the 14-headed hydra!!
The 14-headed hydra is almost dead.
You hit Biggs's ghost. Biggs's ghost hits you!
* * * LOW HITPOINT WARNING * * *
The 14-headed hydra bites you!
You die...

#.# ###...# #..#...........#
#'########.# #..#.###########
...........### #..#.#
.............# #..#.###########
..........##.##########..........
..........##)....##~~.###########
..........#......#.:..♣##....))).
#'#########......'....)♣########.
#.# #.....@D..)..~ #. #.#
###########.W..../~ #. #.#
##.........))#....♣# #. #.#
#.....######)##..♣###### #. #.#
#.....##....#.#####>...# #. #.#
#.....##....#......###.# #. #.#
#.....##....#......# #.# #. #.#
#.....##....#......# #.# #. #.#
#.....##....#####'####.# #.


You could see a 14-headed hydra and Biggs's ghost.

Vanquished Creatures
  A gargoyle (Bailey)
  A troll (D:9)
  Grinder (D:5)
  Sigmund (D:4)
  6 yaks
  2 vampires
  2 water moccasins
  An ice beast (D:6)
  4 orc warriors
  A sky beast (D:5)
  3 black bears
  4 ogres
  A bullfrog (D:8)
  2 scorpions (D:6)
  8 wights
  4 killer bees (D:6)
  5 vampire bats (Bailey)
  A howler monkey (D:7)
  An electric eel (D:8)
  6 wolf zombies (Bailey)
  2 hounds
  2 jellies
  Crazy Yiuf (D:3)
  6 orc priests
  Terence (D:2)
  An iguana (D:6)
  6 orc wizards
  Natasha (twice) (D:4)
  9 gnolls
  9 adders
  3 white imps
  4 ufetubi (D:7)
  3 dart slugs
  A ribbon worm (D:2)
  34 orcs
  2 bats
  6 endoplasms
  3 giant cockroaches (D:1)
  10 goblins
  20 hobgoblins
  12 jackals
  9 kobolds
  7 quokkas
  4 ball pythons
  4 frilled lizards
  18 orc zombies (Bailey)
  3 rats (D:1)
237 creatures vanquished.

Vanquished Creatures (collateral kills)
  3 orc warriors (D:9)
  A gnoll sergeant (D:9)
4 creatures vanquished.

Vanquished Creatures (others)
  A ghoul (D:1)
  A minotaur (D:1)
  An octopode (D:1)
  An armataur (D:1)
  A spriggan (D:1)
  2 vampires (D:1)
  2 nagas (D:1)
  A dwarf (D:1)
  2 tengu (D:1)
  An oni (D:1)
  A felid (D:1)
  A goblin (D:1)
  7 tentacles (D:1)
22 creatures vanquished.

Grand Total: 263 creatures vanquished

Notes
Turn   | Place    | Note
-------+----------+-------------------------------------------
     0 | D:1      | lucidstorm14 the Minotaur Berserker began the quest for the
                  | Orb.
     0 | D:1      | Reached XP level 1. HP: 19/19 MP: 0/0
     2 | D:1      | Noticed an octopode
     2 | D:1      | Noticed a felid
     2 | D:1      | Noticed an armataur
     2 | D:1      | Noticed a vampire
     2 | D:1      | Noticed a tengu
     2 | D:1      | Noticed a ghoul
     2 | D:1      | Noticed a tengu
     2 | D:1      | Noticed a kraken
     2 | D:1      | Noticed a spriggan
     2 | D:1      | Noticed a dwarf
     2 | D:1      | Noticed a minotaur
     2 | D:1      | Noticed a vampire
     2 | D:1      | Noticed a naga
     2 | D:1      | Noticed an oni
     2 | D:1      | Noticed a naga
     2 | D:1      | Killed a tengu
     3 | D:1      | Killed a tengu
     4 | D:1      | Killed a dwarf
     7 | D:1      | Killed an octopode
     9 | D:1      | Killed an armataur
     9 | D:1      | Killed a naga
    10 | D:1      | Killed a felid
    11 | D:1      | Killed an oni
    14 | D:1      | Killed a vampire
    16 | D:1      | Killed a spriggan
    17 | D:1      | Killed a vampire
    17 | D:1      | Killed a naga
    20 | D:1      | Killed a ghoul
    23 | D:1      | Killed a minotaur
   118 | D:1      | Reached XP level 2. HP: 27/27 MP: 1/1
   369 | D:1      | Reached skill level 4 in Axes
   376 | D:1      | Reached ** piety under Trog
   437 | D:1      | Reached XP level 3. HP: 33/33 MP: 2/2
   490 | D:1      | Found a faded altar of an unknown god.
   779 | D:1      | Reached skill level 1 in Shields
  1349 | D:2      | Reached XP level 4. HP: 40/40 MP: 3/3
  1424 | D:2      | Noticed Terence
  1432 | D:2      | Killed Terence
  1433 | D:2      | Reached skill level 1 in Evocations
  1896 | D:3      | Found a shimmering altar of Xom.
  1952 | D:3      | Found a broken altar of Ashenzari.
  2043 | D:3      | Reached XP level 5. HP: 46/46 MP: 4/4
  2099 | D:3      | Reached skill level 5 in Axes
  2404 | D:3      | Found a burning altar of Makhleb.
  2584 | D:3      | Found a runed translucent door.
  2585 | D:3      | Noticed Crazy Yiuf
  2917 | D:3      | Killed Crazy Yiuf
  2988 | D:4      | Identified the +3 sling "lucidstorm14's Foe" {antimagic,
                  | rPois rF++ rCorr Str-2}
  3046 | D:4      | Reached XP level 6. HP: 17/53 MP: 0/5
  3274 | D:4      | Found a glowing golden altar of the Shining One.
  3276 | D:4      | Noticed Sigmund
  3294 | D:4      | Killed Sigmund
  3295 | D:4      | Reached skill level 6 in Axes
  3295 | D:4      | Reached XP level 7. HP: 22/60 MP: 2/6
  3581 | D:4      | Identified the +7 whip of Infinity {antimagic, rPois rC++
                  | Will+ Str-2}
  3592 | D:4      | Reached skill level 5 in Fighting
  3737 | D:4      | Noticed Natasha
  3747 | D:4      | Killed Natasha
  3839 | D:4      | Reached *** piety under Trog
  4020 | D:4      | Noticed Natasha
  4025 | D:4      | Killed Natasha
  4187 | D:5      | Entered Level 5 of the Dungeon
  4436 | D:5      | Found a stormy altar of Qazlal.
  4702 | D:5      | Found a white marble altar of Elyvilon.
  4731 | D:5      | Noticed Grinder
  4740 | D:5      | Paralysed by Grinder for 3 turns
  4741 | D:5      | Reached skill level 7 in Axes
  4741 | D:5      | Reached skill level 5 in Armour
  4741 | D:5      | Reached XP level 8. HP: 65/69 MP: 4/7
  4752 | D:5      | Killed Grinder
  5527 | D:6      | Found an ornate altar of the Wu Jian Council.
  5630 | D:6      | Reached skill level 8 in Axes
  5630 | D:6      | Reached skill level 5 in Dodging
  5932 | D:6      | Reached skill level 1 in Throwing
  5932 | D:6      | Reached XP level 9. HP: 74/77 MP: 6/8
  6418 | D:6      | Found a staircase to the Ecumenical Temple.
  6474 | D:7      | Reached skill level 5 in Shields
  6539 | D:7      | Reached skill level 9 in Axes
  6749 | D:7      | Noticed an ice statue
  6778 | D:7      | Noticed DeathSocks's ghost (novice DEIE)
  6812 | D:7      | Noticed an ice statue
  6839 | D:7      | Found a transporter.
  6845 | D:7      | Found a transporter.
  7420 | D:8      | Found a flagged portal.
  7429 | Bailey   | Entered a bailey
  7624 | Bailey   | Reached **** piety under Trog
  7768 | Bailey   | Noticed a gargoyle
  7777 | Bailey   | Killed a gargoyle
  7873 | Bailey   | Got the Atlas of Moving Clay
  7960 | Bailey   | Identified the orb of Dusarev {light, rPois rN+ Str-4}
  8160 | D:8      | Found a staircase to the Lair.
  8316 | D:8      | Found an opulent altar of Gozag.
  8363 | D:8      | Reached XP level 10. HP: 80/86 MP: 6/9
  8495 | D:8      | Found Jucwuw's Jewellery Shoppe.
  8789 | D:8      | Identified the beast talisman of the Great Game {Str+4}
  9142 | D:9      | Reached skill level 10 in Axes
  9405 | D:9      | Found a staircase to the Orcish Mines.
  9443 | D:9      | HP: 4/88 [orc warrior/+0 trident (7)]
  9613 | D:9      | Reached skill level 5 in Evocations
  9756 | D:9      | Found a runed translucent gate.
  9756 | D:9      | Found a runed translucent gate.
  9756 | D:9      | Found a runed translucent gate.
  9757 | D:9      | Noticed Biggs's ghost (novice TrFi)
  9757 | D:9      | Noticed a ten-headed hydra
  9853 | D:9      | Identified the +1 short sword of the Threshing Gods
                  | {protect, rElec rPois rC- Dex+5}
  9974 | D:9      | Found a shadowy altar of Dithmenos.
 10808 | D:9      | HP: 1/132 [Biggs's ghost (16)]
 10808 | D:9      | Mangled by a 14-headed hydra

Illustrated notes

Levels and vault maps discovered:
D:1:      nicolae_arrival_kraken_aquarium_b, layout_basic,
          hellmonk_ecumenical_altar_arch_garden, minmay_three_crescents
D:2:      layout_basic, uniq_terence
D:3:      layout_basic, general_overflow_altar, overflow_temple_1_default,
          overflow_temple_1_default, fountainhead, nicolae_hexahallways,
          uniq_crazy_yiuf_cottage
D:4:      corexii_shantytown, layout_basic, lemuel_crystal_altar,
          minmay_strange_pillars, uniq_sigmund, uniq_natasha
D:5:      layout_cave_pods, overflow_temple_1_default,
          nicolae_qazlal_beasts_of_the_sky, uniq_grinder
D:6:      layout_basic, lemuel_coloured_pillars_altar, minmay_temple_entry_fiery
D:7:      layout_rooms, serial_glass, glass_columns_a, glass_columns_a,
          nzn_ghost_randoct, nicolae_elevator_lobby_plus
D:8:      layout_basic, pf_just_have_faith, dpeg_oklobed_lair, enter_bailey_8,
          serial_shops, nicolae_shop_crystal, kennysheep_small_spiral
D:9:      layout_basic, grunt_dithmenos_smoke_and_mirrors,
          kennysheep_orc_monster_closet_entryway, gammafunk_ghost_hydra_chop

Skill      XL: |  1  2  3  4  5  6  7  8  9 10 |
---------------+-------------------------------+-----
Axes           | 4 5 6 7 8 9 10 | 10.6
Shields        | 1 2 3 4 6 |  6.7
Armour         | 3 4 5 7 |  7.6
Fighting       | 4 5 6 7 8 |  8.0
Evocations     | 1 2 3 4 5 |  5.0
Dodging        | 3 4 5 6 |  6.6
Throwing       | 1 2 3 |  3.8

Action                     |  1- 3 |  4- 6 |  7- 9 | 10-12 || total
---------------------------+-------+-------+-------+-------++-------
  Melee: Hand axe          |    93 |   102 |   339 |    88 ||   622
         Headbutt          |    14 |    16 |    77 |    34 ||   141
         Battleaxe         |       |       |       |    45 ||    45
  Throw: Dart              |       |       |   139 |       ||   139
 Invoke: Berserk           |       |     5 |     4 |     4 ||    13
         Trog's Hand       |       |     1 |       |     3 ||     4
         Brothers in Arms  |       |       |       |     1 ||     1
 Armour: Animal skin       |    55 |     2 |       |       ||    57
         Chain mail        |       |    73 |   382 |    23 ||   478
         Plate armour      |       |       |       |   161 ||   161
  Dodge: Dodged            |    73 |    49 |   200 |    55 ||   377

Table legend: (Time is in decaauts)
 A = Elapsed time spent in this place.
 B = Non-inter-level travel time spent in this place.
 C = Inter-level travel time spent in this place.
 D = Time resting spent in this place.
 E = Time spent auto-exploring this place.
 F = Levels seen in this place.
 G = Mean time per level.
                   A        B        C        D        E       F      G
               +--------+--------+--------+--------+--------+-----+--------+
         Total |  10910 |  10523 |    387 |    471 |   7417 |  10 | 1091.0 |
       Dungeon |  10215 |   9828 |    387 |    404 |   7195 |   9 | 1135.0 |
        Bailey |    694 |    694 |      0 |     66 |    222 |   1 |  694.0 |
               +--------+--------+--------+--------+--------+-----+--------+

Top non-repeatable levels by time:
     D:9: 1763 daAuts
     D:3: 1258 daAuts
     D:4: 1253 daAuts
     D:6: 1222 daAuts
     D:5: 1093 daAuts
     D:7: 943 daAuts
     D:2: 927 daAuts
     D:8: 907 daAuts
     D:1: 846 daAuts
  Bailey: 694 daAuts
